 Dungeon Crawl Stone Soup version 0.30-a0-372-g0ce2686038 (webtiles) character file.

Game seed: 13681194371926215982

492 Elric the Ruffian (level 6, -2/62 HPs)
             Began as a Troll Warper on Nov 22, 2022.
             Slain by a hound (4 damage)
             ... on level 4 of the Dungeon on Nov 23, 2022.
             The game lasted 00:05:33 (2571 turns).

Elric the Ruffian (Troll Warper)                    Turns: 2571, Time: 00:05:33

Health: -2/62      AC:  4    Str: 20    XL:     6   Next: 91%
Magic:  6/6        EV: 10    Int:  9    God:
Gold:   219        SH:  0    Dex: 11    Spells: 7/7 levels left

rFire   . . .      SeeInvis .      - Unarmed
rCold   . . .      Faith    .    (no shield)
rNeg    . . .      Spirit   .    a - +0 robe
rPois   .          Reflect  .    (helmet restricted)
rElec   .          Harm     .    (no cloak)
rCorr   .          Rampage  .    (gloves unavailable)
Will    .....                    (boots unavailable)
Stlth   +.........               (no amulet)
HPRegen 1.10/turn                (no ring)
MPRegen 0.10/turn                (no ring)

@: no status effects
A: large, unfitting armour, claws 3, regeneration 1, shaggy fur 1, tough skin 1
a: no special abilities


You were on level 4 of the Dungeon.
You visited 1 branch of the dungeon, and saw 4 of its levels.
You also visited: Sewer.

You collected 219 gold pieces.

Inventory:

Missiles
 c - 7 boomerangs of dispersal (quivered)
Armour
 a - a +0 robe (worn)
Jewellery
 r - an amulet of guardian spirit
Wands
 m - a wand of iceblast (13)
Scrolls
 b - 4 scrolls of blinking
 f - 3 scrolls of teleportation {unknown}
 i - a scroll of immolation {unknown}
 j - 5 scrolls of identify {unknown}
 l - 2 scrolls of torment {unknown}
 o - a scroll of enchant armour {unknown}
 p - a scroll of brand weapon {unknown}
 s - a scroll of enchant weapon {unknown}
 x - a scroll of noise {unknown}
Potions
 d - a potion of mutation {unknown}
 e - 4 potions of curing {unknown}
 g - 2 potions of invisibility {unknown}
 h - 2 potions of resistance {unknown}
 k - a potion of might {unknown}
 n - 3 potions of heal wounds {unknown}
 q - a potion of brilliance {unknown}
 t - a potion of cancellation {unknown}
 u - a potion of magic {unknown}
 v - a potion of attraction {unknown}
 w - a potion of degeneration {unknown}


   Skills:
 + Level 4.2 Fighting
 - Level 0.8 Throwing
 - Level 1.9 Dodging
 + Level 5.7 Unarmed Combat
 - Level 1.2 Spellcasting
 - Level 2.1 Translocations


You had 7 spell levels left.
You didn't know any spells.
Your spell library contained the following spells:

 Spells                   Type           Power      Damage    Failure   Level
 Apportation              Tloc           8%         N/A       14%         1
 Blink                    Tloc           8%         N/A       22%         2
 Lesser Beckoning         Tloc           8%         N/A       41%         3
 Teleport Other           Tloc           4%         N/A       41%         3
 Cigotuvi's Dreadful Rot  Necr/Pois/Air  0%         N/A       50%         2
 Poisonous Vapours        Pois/Air       0%         N/A       50%         2
 Static Discharge         Conj/Air       0%         2-2/arc   50%         2
 Vhi's Electric Charge    Tloc/Air       4%         N/A       56%         3
 Hailstorm                Conj/Ice       0%         3d3       73%         3
 Mephitic Cloud           Conj/Pois/Air  0%         N/A       73%         3
 Manifold Assault         Tloc           4%         N/A       82%         4
 Ice Form                 Ice/Tmut       0%         N/A       98%         4
 Alistair's Intoxication  Tmut/Pois      0%         N/A       100%        5
 Arcjolt                  Conj/Air       0%         1d10      100%        5
 Lightning Bolt           Conj/Air       0%         1d11      100%        5
 Simulacrum               Ice/Necr       0%         N/A       100%        6


Dungeon Overview and Level Annotations

Branches:
Dungeon (4/15)              Sewer (visited)
 Temple: D:4-7

Altars:
Fedhas
Trog

Shops:
D:3 (

Annotations:
D:4 Robin


Innate Abilities, Weirdness & Mutations

You are too large for most types of armour.
You have claws for hands.
Your natural rate of healing is unusually fast.
You are covered in fur. (AC +1)
You have tough skin. (AC +1)


Message History

You barely miss the goblin. The goblin hits you with a +0 club.
The goblin hits you with a +2 dagger of distortion.
Space warps horribly around you! The goblin hits you with a +0 dagger.
The hound stops to sniff the ground.
The hound bites you but does no damage.
Unknown command.
You scratch the hound.
The hound is lightly wounded.
The goblin hits you with a +0 dagger. The hound bites you.
The goblin hits you with a +0 club. The goblin barely misses you.
Unknown command.
You are too injured to fight recklessly!
Unknown command.
You are too injured to fight recklessly!
The goblin attacks as you move away! The goblin barely misses you.
The goblin hits you with a +2 dagger of distortion.
Space warps around you. The goblin attacks as you move away!
The goblin hits you with a +2 dagger of distortion.
Space warps horribly around you!
* * * LOW HITPOINT WARNING * * *
The hound bites you but does no damage. The goblin hits you with a +0 dagger.
* * * LOW HITPOINT WARNING * * *
You see here a +0 dagger.
The goblin hits you with a +0 club.
* * * LOW HITPOINT WARNING * * *
Unknown command.
The goblin attacks as you move away! The goblin hits you with a +0 club.
* * * LOW HITPOINT WARNING * * *
The hound closely misses you. The goblin attacks as you move away!
The goblin closely misses you. The hound barely misses you.
The hound attacks as you move away! The hound bites you.
* * * LOW HITPOINT WARNING * * *
The hound attacks as you move away! The hound bites you.
* * * LOW HITPOINT WARNING * * *
The goblin attacks as you move away! The goblin hits you with a +0 club.
* * * LOW HITPOINT WARNING * * *
The hound bites you.
You die...

#.# #.# ## #.# #. ##+##
####.#### #. ### ##...##
#.......# #. ...##.....##
#.......# ## #.#.......##
##.......# #
...##.).....gg.####........#####
.......†))..g.h@................
...##..)...g.g.####........#####
#.#......g## ##...>........
#.##.....## ###.####.###. .
##...## #.# #.# #. ## ##+## #.#
#.# #. #. #.# #. #.# #. #.# #.


You could see a hound, Robin and 5 goblins.

Vanquished Creatures
  An ice beast (D:4)
  Blork the orc (D:4)
  A necrophage (D:4)
  2 hounds
  An orc wizard (D:3)
  9 adders
  A river rat (Sewer)
  2 worms
  2 dart slugs (D:3)
  2 orcs (D:3)
  3 endoplasms
  3 giant cockroaches
  11 goblins
  9 hobgoblins
  5 jackals
  4 kobolds
  3 quokkas
  13 ball pythons
  8 bats
  7 frilled lizards
  9 rats
97 creatures vanquished.

Notes
Turn   | Place    | Note
-------+----------+-------------------------------------------
     0 | D:1      | Elric the Troll Warper began the quest for the Orb.
     0 | D:1      | Reached XP level 1. HP: 19/19 MP: 1/1
    90 | D:1      | Reached XP level 2. HP: 27/27 MP: 2/2
   236 | D:1      | Reached skill level 3 in Unarmed Combat
   351 | D:1      | Upgraded the game from 0.30-a0-371-gad7725a93e to
                  | 0.30-a0-372-g0ce2686038
   753 | D:2      | Reached XP level 3. HP: 29/35 MP: 3/3
   889 | D:2      | Reached XP level 4. HP: 30/44 MP: 4/4
   997 | D:2      | Found a faded altar of an unknown god.
  1160 | D:2      | Reached skill level 4 in Unarmed Combat
  1436 | D:3      | Found Lienoy's Weapon Shop.
  1492 | D:3      | Reached XP level 5. HP: 53/53 MP: 5/5
  1811 | D:3      | Found a glowing drain.
  1815 | Sewer    | Entered a sewer
  2176 | D:3      | Found a bloodstained altar of Trog.
  2212 | D:3      | Found a blossoming altar of Fedhas.
  2409 | D:4      | Reached skill level 5 in Unarmed Combat
  2417 | D:4      | Identified the +11 war axe "Jellybane" {flame, rF- rCorr
                  | Str+3 Stlth+}
  2421 | D:4      | Noticed Blork the orc
  2429 | D:4      | Killed Blork the orc
  2430 | D:4      | Reached XP level 6. HP: 41/62 MP: 6/6
  2453 | D:4      | Noticed an ice beast
  2458 | D:4      | Killed an ice beast
  2555 | D:4      | Noticed Robin
  2567 | D:4      | HP: 2/62 [goblin/+0 club[Robin] (4)]
  2571 | D:4      | Slain by a hound

Illustrated notes

Levels and vault maps discovered:
D:1:      lightli_arrival_noodles, layout_loops_ring, nicolae_eternal_life
D:2:      layout_rooms, ebering_ecumenical_altar_webs,
          dreamdust_princess_corridor, dreamdust_princess_bridge
D:3:      layout_loops_ring, mainiacjoe_overflow_alcove_2, bloody_trog,
          gup_sewer_entry_bowl, serial_shops, shop, serial_aquarium,
          aquarium_bridge_square [aquarium_subvault_bridge,
          aquarium_subvault_wall, aquarium_subvault_window,
          aquarium_subvault_wall], aquarium_bridge_straight
          [aquarium_subvault_bridge, aquarium_subvault_balcony,
          aquarium_subvault_bridge, aquarium_subvault_balcony],
          aquarium_window_1, aquarium_window_fake, aquarium_window_fake,
          aquarium_view_2c, aquarium_view_2c, aquarium_balcony_3b
D:4:      layout_loops_corners, mainiacjoe_overflow_alcove_4,
          ebering_ghost_sewer_d, uniq_robin, uniq_blork_the_orc,
          uniq_crazy_yiuf_cottage

Skill      XL: |  1  2  3  4  5  6 |
---------------+-------------------+-----
Unarmed Combat | 3 4 5 |  5.7
Fighting       | 2 3 4 |  4.2
Throwing       | |  0.8
Dodging        | |  1.9
Spellcasting   | |  1.2
Translocations | |  2.1

Action                   |  1- 3 |  4- 6 || total
-------------------------+-------+-------++-------
Melee: Unarmed           |   109 |   174 ||   283
       Punch             |     1 |     3 ||     4
 Stab: Sleeping          |       |     4 ||     4
Armor: Robe              |    52 |    50 ||   102
Dodge: Dodged            |    66 |    81 ||   147

Table legend: (Time is in decaauts)
 A = Elapsed time spent in this place.
 B = Non-inter-level travel time spent in this place.
 C = Inter-level travel time spent in this place.
 D = Time resting spent in this place.
 E = Time spent auto-exploring this place.
 F = Levels seen in this place.
 G = Mean time per level.
                   A        B        C        D        E       F      G
               +--------+--------+--------+--------+--------+-----+--------+
         Total |   2594 |   2512 |     82 |      0 |   1956 |   5 |  518.8 |
       Dungeon |   2312 |   2230 |     82 |      0 |   1748 |   4 |  578.0 |
         Sewer |    281 |    281 |      0 |      0 |    208 |   1 |  281.0 |
               +--------+--------+--------+--------+--------+-----+--------+

Top non-repeatable levels by time:
     D:3: 880 daAuts
     D:1: 740 daAuts
     D:2: 521 daAuts
   Sewer: 281 daAuts
     D:4: 170 daAuts
